 Dungeon Crawl Stone Soup version 0.17-a0-776-gd86b262 (webtiles) character file.

308 digdugdiggy the Chiller (level 6, 0/41 HPs)
             Began as a Merfolk Ice Elementalist on Apr 25, 2015.
             Was an Initiate of Ashenzari.
             Slain by an ogre
             ... wielding a +0 giant club
              (8 damage)
             ... on level 4 of the Dungeon.
             The game lasted 00:10:24 (5700 turns).

digdugdiggy the Chiller (Merfolk Ice Elementalist)  Turns: 5700, Time: 00:10:24

Health: 0/41       AC:  8    Str:  8    XL:     6   Next: 40%
Magic:  6/10       EV: 13    Int: 17    God:    Ashenzari [......]
Gold:   202        SH:  0    Dex: 14    Spells: 3 memorised, 3 levels left

rFire  . . .     SeeInvis .     i - +1 trident (curse)
rCold  . . .     Clarity  .     a - +1 robe
rNeg   . . .     SustAb   .     (no shield)
rPois  .         Gourm    .     (helmet restricted)
rElec  .         Spirit   .     (no cloak)
rCorr  .         Warding  .     (no gloves)
rMut   .         Stasis   .     (no boots)
MR     .....                    (no amulet)
Stlth  ++........               (no ring)
                                k - ring of flight (curse)

@: icy armour, very slightly contaminated, invisible, not resistant to hostile
enchantments, unstealthy
A: change form in water, swift swim, antennae 1
a: Renounce Religion, Evoke Flight


You were on level 4 of the Dungeon.
You worshipped Ashenzari.
Ashenzari was noncommittal.
You were very hungry.

You visited 1 branch of the dungeon, and saw 4 of its levels.

You collected 202 gold pieces.

Inventory:

Hand weapons
 i - a cursed +1 trident (weapon)
Armour
 a - a +1 robe (worn)
 l - a +0 leather armour of cold resistance
Jewellery
 k - a cursed ring of flight (left hand)
Magical devices
 d - a wand of slowing (17)
Scrolls
 e - 3 scrolls of enchant armour
 g - a scroll of fear
 j - 2 scrolls of enchant weapon
 m - 4 scrolls of identify
 n - a scroll of curse jewellery
 t - 3 scrolls of remove curse
Potions
 f - 3 potions of curing
 r - a potion of mutation {unknown}
 s - a potion of heal wounds {unknown}
Books
 b - a book of Frost

   Spells                             Type                      Level
   a - Freeze                         Ice                          1
   b - Throw Frost                    Conjuration/Ice              2
   c - Ozocubu's Armour               Charms/Ice                   3
   d - Throw Icicle                   Conjuration/Ice              4
   e - Summon Ice Beast               Ice/Summoning                4
   f - Condensation Shield            Ice                          4
Comestibles
 c - 6 bread rations
 h - 2 beef jerkies
 o - 2 meat rations
 q - a slice of pizza


   Skills:
 + Level 4.6 Polearms
 + Level 2.6 Dodging
 - Level 2.1 Stealth
 - Level 3.0 Spellcasting
 - Level 0.7 Conjurations
 - Level 6.0 Ice Magic


You had 3 spell levels left.
You knew the following spells:

 Your Spells              Type           Power        Failure   Level  Hunger
a - Freeze                Ice            ###.         1%          1    None
b - Throw Icicle          Conj/Ice       ##......     45%         4    ####...
c - Ozocubu's Armour      Chrm/Ice       ##......     17%         3    ###....


Dungeon Overview and Level Annotations

Branches:
Dungeon (4/15)
 Temple: D:4-7

Altars:
Ashenzari


Innate Abilities, Weirdness & Mutations

You revert to your normal form in water.
You are very nimble and swift while swimming.
You have a pair of small antennae on your head.


Message History

Press: ? - help, Shift-Dir - straight line, f/p - ogre
Aim: an ogre, wielding a giant club (heavily wounded)
You freeze the ogre.
The ogre is heavily wounded.
The ogre misses you.
Drink which item? (? for menu, Esc to quit)
You fade into invisibility!
The ogre closely misses you.
You are very lightly contaminated with residual magic.
Drink which item? (? for menu, Esc to quit)
Okay, then.
Casting: Freeze
Confirm with . or Enter, or press ? or * to list all spells.
Aiming: Freeze
Press: ? - help, Shift-Dir - straight line, f/p - ogre
Aim: an ogre, wielding a giant club (heavily wounded)
You freeze the ogre.
The ogre is severely wounded.
The ogre hits you with a giant club!
You die...

......###≈##≈≈≈##≈....†....##....
.....## #≈#######≈..........#....
...[.# #≈≈# {#≈≈..............>
#..### #≈≈ #≈≈.........##.†.[
#..# #≈≈# #≈≈...#.######.>.. ...#
#≈###+###≈.....# #.... ..##
#≈##≈.≈##≈###### #....
..#######≈≈≈≈.≈≈≈≈# #....
.......†......#.@.## ####.
.####..####.##..#Os# . .#
#.###......(...# # .####.#
#.......(..# .##...# #..........#
...(#####...........#
...(..().......?....#
#########..........$# #
#..######...#


You could see an ogre and a scorpion.

Vanquished Creatures
  The ghost of joshua the Ducker, an average MfTm (D:3)
  Jessica (D:2)
  A worker ant (D:4)
  Robin (D:2)
  4 adders
  6 worms
  5 giant geckos
  8 orcs
  7 ball pythons
  11 bats
  23 goblins
  10 hobgoblins
  3 jackals (D:2)
  10 kobolds
  A quokka (D:4)
  3 giant cockroaches
  2 giant newts (D:1)
  9 rats
106 creatures vanquished.

Notes
Turn   | Place    | Note
--------------------------------------------------------------
     0 | D:1      | digdugdiggy, the Merfolk Ice Elementalist, began the quest for the Orb.
     0 | D:1      | Reached XP level 1. HP: 13/13 MP: 3/3
   292 | D:1      | Reached XP level 2. HP: 14/19 MP: 0/5
  1014 | D:1      | Reached XP level 3. HP: 24/24 MP: 5/7
  1032 | D:1      | Reached skill level 4 in Ice Magic
  1642 | D:1      | Gained mutation: You have a pair of small antennae on your head. [potion of beneficial mutation]
  1702 | D:2      | Noticed Robin
  2231 | D:2      | Killed Robin
  2231 | D:2      | Reached XP level 4. HP: 23/30 MP: 2/8
  2308 | D:2      | Learned a level 4 spell: Throw Icicle
  2777 | D:2      | Noticed Jessica
  2782 | D:2      | Killed Jessica
  2782 | D:2      | Reached skill level 1 in Polearms
  3324 | D:2      | Learned a level 3 spell: Ozocubu's Armour
  3508 | D:3      | Found a shattered altar of Ashenzari.
  3516 | D:3      | Reached skill level 5 in Ice Magic
  3516 | D:3      | Reached XP level 5. HP: 30/35 MP: 3/9
  4090 | D:3      | Noticed joshua's ghost (average MfTm)
  4111 | D:3      | Killed joshua's ghost
  4111 | D:3      | Reached XP level 6. HP: 12/41 MP: 2/10
  4450 | D:3      | Became a worshipper of Ashenzari the Shackled
  5576 | D:4      | Reached skill level 6 in Ice Magic
  5700 | D:4      | Slain by an ogre

Action                   |  1- 3 |  4- 6 || total
-------------------------+-------+-------++-------
Melee: Club              |    28 |     1 ||    29
       Trident           |       |    83 ||    83
 Cast: Freeze            |    57 |    92 ||   149
       Ozocubu's Armour  |       |     2 ||     2
  Use: Potion            |     4 |     2 ||     6
       Scroll            |     2 |     7 ||     9
 Stab: Sleeping          |       |     4 ||     4
       Distracted        |       |     1 ||     1
  Eat: Chunk             |     2 |     7 ||     9
       Bread ration      |     1 |       ||     1
       Pizza             |     1 |       ||     1
